 Dungeon Crawl Stone Soup version 0.30-a0-778-g2ef04afb54 (webtiles) character file.

Game seed: 11469453970813471910

1419 kingofthe the Sneak (level 8, -23/46 HPs)
             Began as an Octopode Conjurer on Feb 15, 2023.
             Was an Initiate of Sif Muna.
             Annihilated by a very large slime creature (52 damage)
             ... on level 7 of the Dungeon.
             The game lasted 00:18:29 (9025 turns).

kingofthe the Sneak (Octopode Conjurer)             Turns: 9025, Time: 00:18:29

Health: -23/46     AC:  1    Str:  7    XL:     8   Next: 71%
Magic:  13/15      EV: 15    Int: 20    God:    Sif Muna [......]
Gold:   236        SH:  5    Dex: 12    Spells: 6/16 levels left

rFire   . . .      SeeInvis .    g - +1 dagger (drain)
rCold   . . .      Faith    .    (no shield)
rNeg    . . .      Spirit   .    (helmet restricted)
rPois   .          Reflect  +    E - amulet of reflection
rElec   .          Harm     .    i - ring of willpower
rCorr   .          Rampage  .    (no ring)
Will    +....                    (no ring)
Stlth   ++++                     (no ring)
HPRegen 0.27/turn                (no ring)
MPRegen 0.14/turn                (no ring)
                                 (no ring)
                                 (no ring)

@: no status effects
A: almost no armour, amphibious, 8 rings, camouflage 1, gelatinous body 1,
(nimble swimmer 1), tentacles
a: Renounce Religion


You were on level 7 of the Dungeon.
You worshipped Sif Muna.
Sif Muna was noncommittal.
You visited 2 branches of the dungeon, and saw 8 of its levels.
You also visited: Sewer.

You collected 236 gold pieces.

Inventory:

Hand Weapons
 f - a +0 sling of flaming
 g - a +1 dagger of draining (weapon)
 n - a +0 dagger of pain
 A - a +2 antimagic dagger
 F - a +1 antimagic sling
Jewellery
 i - a ring of willpower (left tentacle)
 t - an amulet of guardian spirit
 E - an amulet of reflection (around mantle)
Wands
 u - a wand of charming (6)
 I - a wand of digging (7)
Scrolls
 b - 9 scrolls of identify {unknown}
 c - 2 scrolls of enchant armour {unknown}
 d - a scroll of poison {unknown}
 e - a scroll of vulnerability {unknown}
 h - 2 scrolls of amnesia {unknown}
 j - 4 scrolls of fog {unknown}
 l - a scroll of enchant weapon {unknown}
 q - 2 scrolls of immolation {unknown}
 w - a scroll of torment {unknown}
 x - 2 scrolls of silence {unknown}
 y - 2 scrolls of blinking {unknown}
 C - 2 scrolls of noise {unknown}
 H - a scroll of butterflies {unknown}
 J - a scroll of teleportation {unknown}
Potions
 a - a potion of magic
 k - 3 potions of curing {unknown}
 m - 3 potions of berserk rage {unknown}
 o - 3 potions of degeneration {unknown}
 p - a potion of resistance
 r - a potion of ambrosia {unknown}
 s - 2 potions of lignification {unknown}
 v - 2 potions of haste {unknown}
 z - 3 potions of mutation {unknown}
 B - 3 potions of heal wounds {unknown}
 D - a potion of attraction {unknown}
 G - a potion of flight {unknown}
 K - a potion of cancellation {unknown}


   Skills:
 * Level 5.5 Dodging
 + Level 6.0 Stealth
 + Level 4.8 Spellcasting
 + Level 5.8 Conjurations
 * Level 2.9 Fire Magic
 + Level 3.6 Earth Magic


You had 6 spell levels left.
You knew the following spells:

 Your Spells              Type           Power      Damage    Failure   Level
a - Magic Dart            Conj           100%       1d8       1%          1
b - Searing Ray           Conj           56%        2d6       1%          2
c - Stone Arrow           Conj/Erth      46%        3d9       4%          3
d - Flame Wave            Conj/Fire      22%        2d8       19%         4

Your spell library contained the following spells:

 Spells                   Type           Power      Damage    Failure   Level
 Sandblast                Erth           38%        2d10      2%          1
 Passwall                 Tmut/Erth      10%        N/A       9%          2
 Dazzling Flash           Conj/Hex       32%        N/A       11%         3
 Inner Flame              Hex/Fire       10%        N/A       19%         3
 Sticky Flame             Conj/Fire      22%        2d4       19%         4
 Fulminant Prism          Conj/Hex       8%         3d7       34%         4
 Iskenderun's Mystic Bla  Conj/Tloc      16%        2d5       34%         4


Dungeon Overview and Level Annotations

Branches:
Dungeon (7/15)             Temple (1/1) D:6           Sewer (visited)

Altars:
Ashenzari
Cheibriados
Dithmenos
Elyvilon
Fedhas
Gozag
Hepliaklqana
Kikubaaqudgha
Makhleb
Nemelex Xobeh
Okawaru
Qazlal
Ru
Sif Muna
Trog
Vehumet
Yredelemnul
The Shining One

Shops:
D:4 (

Annotations:
D:5 2 transporters


Innate Abilities, Weirdness & Mutations

You cannot wear most types of armour.
You are amphibious.
You can wear up to eight rings at the same time.
Your skin changes colour to match your surroundings (Stealth+).
Your rubbery body absorbs attacks. (AC +1, EV +1)
((You are camouflaged when in or above water. (Stealth+)))
You have tentacles for arms and can constrict up to eight enemies at once.


Message History

The searing ray hits the slime creature.
The slime creature is lightly wounded. (Press . to maintain the ray.)
Casting: Searing Ray (safe; 1% risk of failure)
Confirm with . or Enter, or press ? or * to list all spells.
Aiming: Stone Arrow (dangerous; 4% risk of failure)
Press: ? - help, Shift-Dir - straight line, f - slime creature, p - slime creature
Aim: a slime creature (lightly wounded, 94% to hit)
The stone arrow hits the slime creature!
The slime creature is heavily wounded.
A slime creature comes into view.
The slime creature hits you.
Two slime creatures merge to form a large slime creature.
The slime creature quivers.
Two slime creatures merge to form a very large slime creature.
Your magical contamination has completely faded away.
The very large slime creature attacks as you move away!
You block the very large slime creature's attack.
There is an open door here.
The very large slime creature attacks as you move away!
You block the very large slime creature's attack.
The very large slime creature attacks as you move away!
The very large slime creature barely misses you.
The very large slime creature attacks as you move away!
The very large slime creature barely misses you.
The very large slime creature attacks as you move away!
The very large slime creature barely misses you.
The very large slime creature attacks as you move away!
The very large slime creature hits you!!
The very large slime creature attacks as you move away!
The very large slime creature closely misses you.
The very large slime creature attacks as you move away!
You block the very large slime creature's attack.
The very large slime creature attacks as you move away!
The very large slime creature barely misses you.
You open the door.
A wight comes into view. It is wielding a +1 short sword.
The very large slime creature hits you!!!
Ouch! That really hurt!
You die...

.....# #.##.###.# ##.## ####.#
#........# #.# ..##.#
####.##### #.# #.##.# #.#
##'## #.##.# ####.# ##...##
#.##.# ##.##.# ##.....##
.....###.....## ##.......##
......###.#...####.........#
...............J@'.........'.
#.###.###.#...####.........###
...##.#...##.## ##.......##
...##.#.#....# ##..<..##
...##.._..##.# ##...##
......#.#..#.# ##z##
#.###.#......# . #.#
#.#......# #.# #.#......#


You could see a very large slime creature and a wight (wandering).

Vanquished Creatures
  Edmund (D:4)
  A water moccasin (D:6)
  A black bear (D:5)
  An ogre (D:4)
  2 centaurs (D:5)
  3 phantoms
  A gnoll sergeant (D:5)
  A scorpion (D:4)
  A hound (D:5)
  An orc priest (D:4)
  4 iguanas
  An orc wizard (D:4)
  9 gnolls
  9 adders
  2 river rats (Sewer)
  A white imp (D:5)
  5 worms
  4 dart slugs
  14 orcs
  6 endoplasms
  5 giant cockroaches
  4 goblins
  8 hobgoblins
  6 quokkas
  9 ball pythons
  11 bats
  8 frilled lizards
  7 kobolds
  14 rats
140 creatures vanquished.

Notes
Turn   | Place    | Note
-------+----------+-------------------------------------------
     0 | D:1      | kingofthe the Octopode Conjurer began the quest for the
                  | Orb.
     0 | D:1      | Reached XP level 1. HP: 11/11 MP: 3/3
   223 | D:1      | Reached XP level 2. HP: 17/17 MP: 3/5
   226 | D:1      | Learned a level 2 spell: Searing Ray
  1091 | D:2      | Reached XP level 3. HP: 17/21 MP: 0/7
  1527 | D:2      | Found a shadowy altar of Dithmenos.
  1541 | D:2      | Reached skill level 3 in Stealth
  1972 | D:2      | Reached XP level 4. HP: 27/27 MP: 6/8
  3304 | D:3      | Reached XP level 5. HP: 31/31 MP: 5/10
  3807 | D:4      | Found Supamm's Antique Weapon Emporium.
  3807 | D:4      | Noticed an ogre
  3818 | D:4      | Killed an ogre
  4039 | D:4      | Learned a level 3 spell: Stone Arrow
  4090 | D:4      | Reached XP level 6. HP: 36/36 MP: 4/11
  4156 | D:4      | Reached skill level 4 in Stealth
  4156 | D:4      | Reached skill level 5 in Conjurations
  4156 | D:4      | Reached skill level 1 in Earth Magic
  4212 | D:4      | Noticed Edmund
  4589 | D:4      | Reached XP level 7. HP: 31/41 MP: 2/13
  4679 | D:4      | Found an opulent altar of Gozag.
  4778 | D:4      | Killed Edmund
  5203 | D:5      | Entered Level 5 of the Dungeon
  5522 | D:5      | Reached skill level 5 in Stealth
  5665 | D:4      | Learned a level 4 spell: Flame Wave
  5865 | D:5      | Found a burning altar of Makhleb.
  6274 | D:5      | Reached skill level 1 in Fire Magic
  6487 | D:5      | Reached XP level 8. HP: 37/46 MP: 7/14
  6642 | D:5      | Found a transporter.
  6781 | D:5      | Found a hazy altar of Hepliaklqana.
  6942 | D:5      | Reached skill level 5 in Dodging
  7174 | D:5      | Found a transporter.
  7404 | D:6      | Found a glowing drain.
  7480 | Sewer    | Entered a sewer
  8010 | D:6      | Found a blossoming altar of Fedhas.
  8041 | D:6      | Found a staircase to the Ecumenical Temple.
  8078 | Temple   | Entered the Ecumenical Temple
  8196 | Temple   | Became a worshipper of Sif Muna the Loreminder
  8696 | D:6      | Reached skill level 6 in Stealth
  8901 | D:7      | Found a broken altar of Ashenzari.
  8971 | D:7      | Noticed a slime creature
  8971 | D:7      | Noticed a slime creature
  8971 | D:7      | Noticed a slime creature
  8971 | D:7      | Noticed a slime creature
  8980 | D:7      | Noticed a slime creature
  9025 | D:7      | Annihilated by a very large slime creature

Illustrated notes

Levels and vault maps discovered:
D:1:      reono_arrival_mine, layout_loops_ring
D:2:      layout_basic, basic_altar, minmay_misc_feat_enclosed
D:3:      layout_basic, bh_walls_and_bars
D:4:      layout_basic, mainiacjoe_overflow_alcove_1, serial_shops, shop,
          serial_glass, glass_columns_a, glass_columns_a, uniq_edmund
D:5:      gammafunk_cloud_chamber, layout_cave_pods, kennysheep_mini,
          old_standard_altar
D:6:      layout_gridville, fedhas_altar_3, minmay_temple_entry_ruins,
          gup_sewer_entry_glass
D:7:      layout_loops_corners, lemuel_crystal_altar
Temple:   nicolae_temple_bog_church

Skill      XL: |  1  2  3  4  5  6  7  8 |
---------------+-------------------------+-----
Spellcasting   | 3 4 |  4.8
Stealth        | 3 4 5 6 |  6.0
Dodging        | 3 4 5 |  5.5
Conjurations   | 5 |  5.8
Earth Magic    | 1 3 |  3.6
Fire Magic     | 1 2 |  2.9

Action                     |  1- 3 |  4- 6 |  7- 9 || total
---------------------------+-------+-------+-------++-------
  Melee: Dagger            |     5 |       |     5 ||    10
         Constrict         |     3 |       |     1 ||     4
         Tentacles         |     2 |       |     3 ||     5
         Punch             |     1 |       |       ||     1
   Fire: Sling             |     1 |       |       ||     1
   Cast: Magic Dart        |    65 |    82 |    58 ||   205
         Searing Ray       |    10 |    20 |    24 ||    54
         Stone Arrow       |       |     1 |    16 ||    17
 Armour: Skin              |       |     1 |       ||     1
  Dodge: Dodged            |     2 |    13 |    45 ||    60
  Block: Other             |       |       |     8 ||     8

Table legend: (Time is in decaauts)
 A = Elapsed time spent in this place.
 B = Non-inter-level travel time spent in this place.
 C = Inter-level travel time spent in this place.
 D = Time resting spent in this place.
 E = Time spent auto-exploring this place.
 F = Levels seen in this place.
 G = Mean time per level.
                   A        B        C        D        E       F      G
               +--------+--------+--------+--------+--------+-----+--------+
         Total |   9037 |   8553 |    484 |    960 |   6624 |   9 | 1004.1 |
       Dungeon |   8337 |   7864 |    473 |    960 |   6039 |   7 | 1191.0 |
        Temple |    181 |    170 |     11 |      0 |    157 |   1 |  181.0 |
         Sewer |    517 |    517 |      0 |      0 |    428 |   1 |  517.0 |
               +--------+--------+--------+--------+--------+-----+--------+

Top non-repeatable levels by time:
     D:4: 2122 daAuts
     D:2: 1547 daAuts
     D:5: 1466 daAuts
     D:3: 1101 daAuts
     D:1: 1080 daAuts
     D:6: 833 daAuts
   Sewer: 517 daAuts
     D:7: 186 daAuts
  Temple: 181 daAuts
